 Dungeon Crawl Stone Soup version 0.20.1-1-g8b1a95d (webtiles) character file.

80 Linguinho the Skirmisher (level 4, -8/35 HPs)
             Began as a Demonspawn Fighter on Nov 12, 2017.
             Killed by divine providence
             ... invoked by an orc priest
              (12 damage)
             ... on level 3 of the Dungeon.
             The game lasted 00:04:33 (1676 turns).

Linguinho the Skirmisher (Demonspawn Fighter)       Turns: 1676, Time: 00:04:34

Health: -8/35      AC: 14    Str: 18    XL:     4   Next: 18%
Magic:  4/4        EV:  3    Int:  9    God:
Gold:   98         SH:  9    Dex: 12    Spells: 3/3 levels left

rFire    . . .     SeeInvis .   a - +0 war axe
rCold    . . .     Gourm    .   c - +0 shield
rNeg     . . .     Faith    .   m - +0 plate armour
rPois    .         Spirit   .   (no helmet)
rElec    .         Reflect  .   (no cloak)
rCorr    .         Harm     .   (no gloves)
MR       .....                  i - +0 pair of boots
Stlth    ..........             (no amulet)
Regen    0.2/turn               (no ring)
MPRegen  0.1/turn               (no ring)

@: no status effects
A: iridescent scales 1
a: no special abilities


You were on level 3 of the Dungeon.
You were hungry.

You visited 1 branch of the dungeon, and saw 3 of its levels.

You collected 98 gold pieces.

Inventory:

Hand Weapons
 a - a +0 war axe (weapon)
Missiles
 j - 2 throwing nets (quivered)
Armour
 c - a +0 shield (worn)
 i - a +0 pair of boots (worn)
 m - a +0 plate armour (worn)
Scrolls
 e - a scroll of enchant armour {unknown}
 l - a scroll of fear {unknown}
 o - 2 scrolls of teleportation {unknown}
 p - a scroll of remove curse {unknown}
 q - a scroll of identify {unknown}
 r - a scroll of amnesia {unknown}
Potions
 b - 2 potions of mutation {unknown}
 d - a potion of might
 g - a potion of haste {unknown}
 h - a potion of degeneration {unknown}
 k - a potion of invisibility {unknown}
 s - 2 potions of lignification {unknown}
Comestibles
 f - 3 bread rations
 n - a meat ration


   Skills:
 + Level 3.3 Fighting
 + Level 2.8 Axes
 + Level 3.0 Armour
 + Level 0.3 Dodging
 + Level 0.4 Stealth
 + Level 3.3 Shields


You had 3 spell levels left.
You didn't know any spells.

Dungeon Overview and Level Annotations

Branches:
Dungeon (3/15)

Altars:


Innate Abilities, Weirdness & Mutations

You are partially covered in iridescent scales. (AC +2)


Message History

The orc priest invokes the aid of Beogh against you.
Beogh smites you!
* * * LOW HITPOINT WARNING * * *
You block the orc's attack.
You barely miss the orc. You block the orc's attack. x2
Your plate armour prevents you from hitting the orc.
You block the orc's attack.
You closely miss the orc. The orc hits you but does no damage.
You block the orc's attack.
You see here 10 stones.
Found 23 stones.
An orc comes into view. It is wielding a flail.
The orc shouts!
A rat comes into view.
An orc comes into view. It is wielding a falchion.
The orc hits you with a flail.
* * * LOW HITPOINT WARNING * * *
The orc priest calls down the wrath of Beogh upon you.
Beogh smites you!
You die...

.'.....................
.###..................#
.# #..................#
.# #.......o..........#
.# #...(..............#
#######...##..........#.
.. #...##.o....(.....
... #...##.....or.o.#
... +...++...o@.....#
... #..[##..........#
... #...######.....##
... #...# #..##.# ...
##.# # ... .. ### ..#
...


You could see an orc priest, 4 orcs and a rat.

Vanquished Creatures
  3 adders (D:2)
  2 dart slugs
  2 orcs (D:3)
  2 giant cockroaches
  4 goblins
  4 hobgoblins
  2 jackals (D:2)
  6 kobolds
  A quokka (D:2)
  2 ball pythons (D:1)
  9 bats
  4 frilled lizards
  6 rats
47 creatures vanquished.

Notes
Turn   | Place    | Note
-------+----------+-------------------------------------------
     0 | D:1      | Linguinho the Demonspawn Fighter began the quest for the Orb.
     0 | D:1      | Reached XP level 1. HP: 18/18 MP: 1/1
   159 | D:1      | Gained mutation: You are partially covered in iridescent scales. (AC +2) [demonic ancestry]
   159 | D:1      | Reached XP level 2. HP: 21/24 MP: 2/2
   777 | D:2      | Reached XP level 3. HP: 25/29 MP: 3/3
  1320 | D:2      | Reached XP level 4. HP: 27/35 MP: 4/4
  1676 | D:3      | Killed from afar by an orc priest

Skill      XL: |  1  2  3  4 |
---------------+-------------+-----
Shields        | 3 |  3.3
Axes           | 2 |  2.8
Armour         | 3 |  3.0
Fighting       | |  3.3
Dodging        | |  0.3
Stealth        | |  0.4

Action                   |  1- 3 |  4- 6 || total
-------------------------+-------+-------++-------
Melee: War axe           |   135 |    43 ||   178
  Eat: Chunk             |     2 |       ||     2
Armor: Scale mail        |    94 |       ||    94
       Plate armour      |    20 |    47 ||    67
Dodge: Dodged            |    52 |     3 ||    55
Block: Shield            |    92 |    34 ||   126
